 Dungeon Crawl Stone Soup version 0.20-b1-18-gaa2fd62 (webtiles) character file.

102 Inarius the Stinger (level 4, -1/33 HPs)
             Began as a Draconian Venom Mage on May 24, 2017.
             Slain by a bullfrog (4 damage)
             ... on level 3 of the Dungeon.
             The game lasted 00:10:30 (3265 turns).

Inarius the Stinger (Draconian Venom Mage)          Turns: 3265, Time: 00:10:31

Health: -1/33      AC:  5    Str: 10    XL:     4   Next: 50%
Magic:  12/17      EV: 11    Int: 17    God:
Gold:   73         SH:  0    Dex: 11    Spells: 3/9 levels left

rFire    . . .     SeeInvis .   p - +0 short sword (venom)
rCold    . . .     Gourm    .   (no shield)
rNeg     . . .     Faith    .   (armour unavailable)
rPois    .         Spirit   .   (helmet restricted)
rElec    .         Reflect  .   (no cloak)
rCorr    .         Harm     .   (no gloves)
MR       .....                  (no boots)
Stlth    +.........             (no amulet)
Regen    0.2/turn               j - ring of magical power
MPRegen  0.2/turn               (no ring)

@: very slightly contaminated, heavily drained
A: unfitting armour, cold-blooded, AC +5
a: no special abilities


You were on level 3 of the Dungeon.
You were not hungry.

You visited 1 branch of the dungeon, and saw 3 of its levels.

You collected 73 gold pieces.

Inventory:

Hand Weapons
 p - a +0 short sword of venom (weapon)
Jewellery
 j - a ring of magical power (left hand)
Scrolls
 e - a scroll of enchant weapon
 m - 2 scrolls of remove curse
 n - a scroll of immolation {unknown}
 o - a scroll of teleportation {unknown}
 r - a scroll of recharging {unknown}
Potions
 d - 2 potions of cancellation
 f - a potion of agility
 g - a potion of heal wounds
 k - a potion of lignification
 l - 2 potions of brilliance {unknown}
 q - a potion of curing {unknown}
Books
 a - a Young Poisoner's Handbook

   Spells                             Type                      Level
   a - Sting                          Conjuration/Poison           1
   b - Poisonous Vapours              Poison/Air                   2
   c - Mephitic Cloud                 Conjuration/Poison/Air       3
   d - Olgreb's Toxic Radiance        Poison                       4
   e - Venom Bolt                     Conjuration/Poison           5
Comestibles
 b - 3 bread rations
 h - 2 meat rations
 i - a royal jelly
 s - 4 fruits


   Skills:
 + Level 0.2(0.0) Fighting
 + Level 0.4(0.0) Short Blades
 + Level 2.0(0.6) Dodging
 + Level 1.9(0.5) Stealth
 + Level 3.0(1.6) Spellcasting
 + Level 1.2(0.0) Conjurations
 + Level 0.8(0.0) Air Magic
 + Level 4.1(2.6) Poison Magic


You had 3 spell levels left.
You knew the following spells:

 Your Spells              Type           Power        Failure   Level  Hunger
a - Sting                 Conj/Pois      #...         12%         1    ##.....
b - Poisonous Vapours     Pois/Air       #.....       19%         2    ###....
c - Mephitic Cloud        Conj/Pois/Air  #.......     38%         3    ####...


Dungeon Overview and Level Annotations

Branches:
Dungeon (3/15)

Altars:
Fedhas
Yredelemnul


Innate Abilities, Weirdness & Mutations

Your plain brown scales are hard. (AC +5)
You cannot fit into any form of body armour.
You are cold-blooded and may be slowed by cold attacks.


Message History

Press: ? - help, Dir - move target cursor, f/p - bullfrog
Aim: a bullfrog Poisonous vapours surround the bullfrog!
The bullfrog is engulfed in poison gas.
The bullfrog is poisoned.
The bullfrog hits you!
The bullfrog is engulfed in poison gas.
The bullfrog looks even sicker.
The bullfrog hits you. The bullfrog hits you.
The bullfrog swells and bulges.
The bullfrog hits you! The bullfrog hits you!
* * * LOW HITPOINT WARNING * * *
Casting: Poisonous Vapours
Confirm with . or Enter, or press ? or * to list all spells.
Aiming: Poisonous Vapours
Press: ? - help, Dir - move target cursor, f/p - bullfrog
Aim: a bullfrog (moderately wounded, poisoned) Poisonous vapours surround the bullfrog!
The bullfrog is engulfed in poison gas.
The bullfrog looks even sicker.
The bullfrog hits you.
You die...

####.#.####.##
.......#.....###
####.#.........#
#.##.#.........#####
..##.#.............#
..##.#.........#.###
####...........#.#
...............#.#
..#########+####@#
...# #F# .#.# #.#
.#.# #.###### .#..
#......# .##.#
######.# .# .# .# .#
.. .# .# #. .#


You could see a bullfrog.

Vanquished Creatures
  3 adders (D:2)
  An ooze (D:1)
  3 worms (D:2)
  A dart slug (D:1)
  3 ball pythons
  3 giant cockroaches
  10 goblins
  4 hobgoblins
  4 jackals (D:2)
  2 quokkas (D:2)
  6 bats
  3 frilled lizards
  9 kobolds
  8 rats
60 creatures vanquished.

Notes
Turn   | Place    | Note
-------+----------+-------------------------------------------
     0 | D:1      | Inarius the Draconian Venom Mage began the quest for the Orb.
     0 | D:1      | Reached XP level 1. HP: 14/14 MP: 3/3
   333 | D:1      | Reached XP level 2. HP: 20/20 MP: 3/5
   349 | D:1      | Learned a level 2 spell: Poisonous Vapours
  1079 | D:1      | Reached XP level 3. HP: 25/26 MP: 6/6
  1084 | D:1      | Learned a level 3 spell: Mephitic Cloud
  1840 | D:2      | Reached XP level 4. HP: 33/33 MP: 4/8
  2382 | D:2      | Reached skill level 4 in Poison Magic
  2861 | D:2      | Found a blossoming altar of Fedhas.
  2862 | D:2      | Found a basalt altar of Yredelemnul.
  3255 | D:3      | Noticed a bullfrog
  3265 | D:3      | Slain by a bullfrog

Skill      XL: |  1  2  3  4 |
---------------+-------------+-----
Dodging        | 2 |  2.0
Poison Magic   | 4 |  4.1
Spellcasting   | 3 |  3.0
Fighting       | |  0.2
Short Blades   | |  0.4
Stealth        | |  1.9
Conjurations   | |  1.2
Air Magic      | |  0.8

Action                   |  1- 3 |  4- 6 || total
-------------------------+-------+-------++-------
Melee: Short sword       |    38 |    25 ||    63
       Unarmed           |     2 |       ||     2
       Tailslap          |     1 |     2 ||     3
 Cast: Sting             |    28 |     4 ||    32
       Poisonous Vapours |    26 |    21 ||    47
  Use: Scroll            |     5 |     1 ||     6
  Eat: Chunk             |     5 |     6 ||    11
       Fruit             |       |     1 ||     1
Armor: Skin              |     8 |    12 ||    20
Dodge: Dodged            |    26 |    15 ||    41
